[Event "Niedersachsen Jubilaeumsturnier Open A 2"]
[Site "Wolfsburg"]
[Date "2024.11.15"]
[Round "1.21"]
[White "Wibmer, Michael"]
[Black "Kieselbach, Jannik"]
[Result "0-1"]
[ECO "C52"]
[WhiteElo "1831"]
[BlackElo "1967"]
[Annotator "RC"]
[PlyCount "78"]
[EventDate "2024.11.15"]
[EventCountry "GER"]
[SourceTitle "playchess.com"]
[Source "ChessBase"]
[SourceQuality "1"]
[TimeControl "5400+30"]

1. e4 e5 2. Nf3 Nc6 3. Bc4 Bc5 4. b4 Bxb4 5. c3 Ba5 6. d4 exd4 7. O-O dxc3 8. Qb3 Qf6 9. e5 Qg6 10. Nxc3 Nge7 11. Ba3 Bb6 12. Qd1 O-O 13. Nd5 Re8 14. Bd3 Qh5 15. Nf4 Qg4 16. Bc1 Nd4 17. Be4 d6 18. exd6 Nec6 19. Bxc6 bxc6 20. Nxd4 Qxd1 21. Rxd1 Bxd4 22. Rb1 cxd6 23. Ba3 Bf5 24. Rb7 c5 25. Nd5 Be4 26. Ne7+ Kf8 27. Rd7 Rxe7 28. Rxd6 Be5 29. Rd8+ Re8 30. Bxc5+ Kg8 31. R8d7 a5 32. h3 Bf6 33. Rc7 Rac8 34. Bb6 Rxc7 35. Bxc7 Ra8 36. Re1 Bd5 37. Bxa5 Bxa2 38. Bb4 Be6 39. Rc1 Rd8 0-1

[Event "Niedersachsen Jubilaeumsturnier Open A 2"]
[Site "Wolfsburg"]
[Date "2024.11.15"]
[Round "1.22"]
[White "Woelk, Marvin"]
[Black "Magin, Jesse"]
[Result "0-1"]
[ECO "B06"]
[WhiteElo "1965"]
[BlackElo "1818"]
[Annotator "RC"]
[PlyCount "64"]
[EventDate "2024.11.15"]
[EventCountry "GER"]
[SourceTitle "playchess.com"]
[Source "ChessBase"]
[SourceQuality "1"]
[TimeControl "5400+30"]

1. e4 g6 2. d4 Bg7 3. Nc3 d6 4. Be3 a6 5. Qd2 b5 6. Bd3 Nd7 7. a4 b4 8. Nce2 a5 9. Nf3 Bb7 10. O-O h6 11. c3 bxc3 12. Nxc3 Ngf6 13. e5 dxe5 14. dxe5 Ng4 15. e6 Nde5 16. exf7+ Kxf7 17. Nxe5+ Nxe5 18. Be2 Ba6 19. Qc2 Bxe2 20. Qxe2 Qd3 21. Qxd3 Nxd3 22. Nb5 Nxb2 23. Bd4 Bxd4 24. Nxd4 c5 25. Nf3 Kf6 26. Rfc1 Nd3 27. Rc3 Rhd8 28. Nd2 Rd5 29. Nc4 Nf4 30. Kf1 Rad8 31. Ne3 Rd2 32. Nc4 Rd1+ 0-1

[Event "Niedersachsen Jubilaeumsturnier Open A 2"]
[Site "Wolfsburg"]
[Date "2024.11.15"]
[Round "1.23"]
[White "Zhang, Onno"]
[Black "Reins, Henning"]
[Result "1-0"]
[ECO "B01"]
[WhiteElo "1801"]
[BlackElo "1954"]
[Annotator "RC"]
[PlyCount "43"]
[EventDate "2024.11.15"]
[EventCountry "GER"]
[SourceTitle "playchess.com"]
[Source "ChessBase"]
[SourceQuality "1"]
[TimeControl "5400+30"]

1. e4 d5 2. exd5 Nf6 3. c4 e6 4. dxe6 Bxe6 5. Nf3 Nc6 6. Be2 Bc5 7. Nc3 Qe7 8. O-O O-O 9. d4 Rad8 10. Be3 Bg4 11. Nd5 Nxd5 12. cxd5 Rxd5 13. Qb3 Nxd4 14. Bxd4 Bxf3 15. Bxc5 Qxe2 16. Bxf8 Rg5 17. g3 Bd5 18. Qc3 Qh5 19. f3 Qh3 20. Qd2 Rf5 21. Bb4 h5 22. Qg2 1-0

[Event "Niedersachsen Jubilaeumsturnier Open A 2"]
[Site "Wolfsburg"]
[Date "2024.11.15"]
[Round "1.24"]
[White "Scheffner, Jarno"]
[Black "Krueger, Moritz"]
[Result "0-1"]
[ECO "C01"]
[WhiteElo "1953"]
[BlackElo "1788"]
[Annotator "RC"]
[PlyCount "74"]
[EventDate "2024.11.15"]
[EventCountry "GER"]
[SourceTitle "playchess.com"]
[Source "ChessBase"]
[SourceQuality "1"]
[TimeControl "5400+30"]

1. e4 e6 2. d4 d5 3. exd5 exd5 4. c4 Nf6 5. Nc3 Nc6 6. cxd5 Nxd5 7. Nf3 Be7 8. Bd3 Bg4 9. O-O O-O 10. Re1 Bf6 11. Be4 Nde7 12. d5 Nd4 13. Qd3 Bxf3 14. gxf3 Ng6 15. f4 c5 16. Bd2 Qd6 17. Bh1 Nxf4 18. Qg3 Bg5 19. Re4 Nh3+ 20. Qxh3 Bxd2 21. Rh4 Bxc3 22. bxc3 Ne2+ 23. Kf1 Qa6 24. c4 Nd4 25. Rc1 h6 26. Be4 Qxa2 27. Rxh6 gxh6 28. Qg3+ Kh8 29. Qe5+ f6 30. Qe7 f5 31. Qe5+ Kg8 32. Qg3+ Kh7 33. Qc7+ Kg8 34. Qg3+ Kf7 35. Qc7+ Kg6 36. Qg3+ Kf6 37. Qc7 Qe2+ 0-1

[Event "Niedersachsen Jubilaeumsturnier Open A 2"]
[Site "Wolfsburg"]
[Date "2024.11.15"]
[Round "1.25"]
[White "Shevchenko, Igor"]
[Black "Tarasenko, Nazar"]
[Result "0-1"]
[ECO "D15"]
[WhiteElo "2105"]
[BlackElo "1937"]
[Annotator "RC"]
[PlyCount "64"]
[EventDate "2024.11.15"]
[EventCountry "GER"]
[SourceTitle "playchess.com"]
[Source "ChessBase"]
[SourceQuality "1"]
[TimeControl "5400+30"]

1. d4 d5 2. c4 c6 3. Nc3 Nf6 4. e3 a6 5. Nf3 b5 6. cxd5 cxd5 7. Bd3 Bg4 8. h3 Bh5 9. g4 Bg6 10. Ne5 Bxd3 11. Qxd3 e6 12. g5 Nfd7 13. Nxd7 Nxd7 14. Rg1 Nb6 15. Rg4 Rc8 16. a3 Be7 17. h4 Qd7 18. Rg3 g6 19. e4 dxe4 20. Qxe4 Rc4 21. Rd3 Nd5 22. Ne2 Qc6 23. f3 Bd6 24. Bd2 Kd7 25. Kf2 h6 26. Nc3 hxg5 27. Nxd5 exd5 28. Qg4+ f5 29. Qxg5 Be7 30. Qe3 Rxh4 31. Re1 Rh7 32. Rc3 Bh4+ 0-1

[Event "Niedersachsen Jubilaeumsturnier Open A 2"]
[Site "Wolfsburg"]
[Date "2024.11.16"]
[Round "2.1"]
[White "Poetsch, Hagen"]
[Black "Sreyas Payyappat"]
[Result "1/2-1/2"]
[ECO "A67"]
[WhiteElo "2502"]
[BlackElo "2084"]
[Annotator "ChessBase"]
[PlyCount "56"]
[EventDate "2024.11.15"]
[EventCountry "GER"]
[SourceTitle "playchess.com"]
[Source "ChessBase"]
[SourceQuality "1"]
[TimeControl "5400+30"]

1. d4 Nf6 2. c4 e6 3. Nc3 c5 4. d5 exd5 5. cxd5 d6 6. e4 g6 7. f4 Bg7 8. Bb5+ Nfd7 9. a4 O-O 10. Nf3 Na6 11. O-O Nb4 12. h3 a6 13. Bc4 f5 14. e5 dxe5 15. d6+ Kh8 16. Ng5 e4 17. Be3 Nb6 18. Nf7+ Rxf7 19. Bxf7 Nd3 20. a5 Qf6 21. Qb3 c4 22. Bxc4 Nxc4 23. Qxc4 Qxd6 24. Qd5 Qxd5 25. Nxd5 Rb8 26. Ba7 Ra8 27. Be3 Rb8 28. Ba7 Ra8 1/2-1/2

[Event "Niedersachsen Jubilaeumsturnier Open A 2"]
[Site "Wolfsburg"]
[Date "2024.11.16"]
[Round "2.2"]
[White "Bruns, Kai-Christian"]
[Black "Bogdanov, Egor"]
[Result "0-1"]
[ECO "B52"]
[WhiteElo "2088"]
[BlackElo "2476"]
[Annotator "ChessBase"]
[PlyCount "96"]
[EventDate "2024.11.15"]
[EventCountry "GER"]
[SourceTitle "playchess.com"]
[Source "ChessBase"]
[SourceQuality "1"]
[TimeControl "5400+30"]

1. e4 c5 2. Nf3 d6 3. Bb5+ Bd7 4. Bxd7+ Nxd7 5. O-O Ngf6 6. Qe2 e6 7. b3 Be7 8. Bb2 O-O 9. c4 Qc7 10. Nc3 a6 11. d3 Rad8 12. Rae1 Nb8 13. d4 cxd4 14. Nxd4 Nc6 15. Nxc6 Qxc6 16. Kh1 Rfe8 17. f4 h6 18. f5 Nd7 19. fxe6 fxe6 20. Nd5 Ne5 21. Nxe7+ Rxe7 22. Bxe5 dxe5 23. Rd1 Rd4 24. Rde1 Kh7 25. h4 Qe8 26. h5 Red7 27. Qg4 Rd2 28. Rd1 R2d4 29. Rc1 g6 30. Rf6 gxh5 31. Qf3 Rd3 32. Qf2 Rg7 33. Rf1 Rdg3 34. Qd2 R3g6 35. Qd6 Qe7 36. Qxe5 Rxg2 37. Qxh5 Rg1+ 38. Rxg1 Rxg1+ 39. Kxg1 Qxf6 40. Kg2 Qg6+ 41. Qxg6+ Kxg6 42. b4 Kf6 43. c5 Ke5 44. a4 Kxe4 45. b5 axb5 46. axb5 Kd5 47. c6 bxc6 48. b6 Kd6 0-1

[Event "Niedersachsen Jubilaeumsturnier Open A 2"]
[Site "Wolfsburg"]
[Date "2024.11.16"]
[Round "2.4"]
[White "Jacobi, Felix-Hagen"]
[Black "Helmer, Jan"]
[Result "0-1"]
[ECO "B21"]
[WhiteElo "2063"]
[BlackElo "2226"]
[Annotator "ChessBase"]
[PlyCount "110"]
[EventDate "2024.11.15"]
[EventCountry "GER"]
[SourceTitle "playchess.com"]
[Source "ChessBase"]
[SourceQuality "1"]
[TimeControl "5400+30"]

1. e4 c5 2. f4 g6 3. Nf3 Bg7 4. c3 d5 5. Bb5+ Bd7 6. Bxd7+ Qxd7 7. d3 Nc6 8. Qe2 e6 9. O-O Nge7 10. Nbd2 b5 11. Qf2 Rc8 12. Nb3 c4 13. Nc5 Qc7 14. d4 dxe4 15. Nxe4 Nd5 16. Ne5 f6 17. Nxc6 Qxc6 18. a3 O-O 19. Qg3 a5 20. Bd2 Rcd8 21. Rae1 Rfe8 22. Qh4 Qb6 23. Kh1 Qb7 24. Rf2 Qc6 25. Rfe2 Re7 26. Qh3 Rde8 27. Qf3 Kh8 28. h3 Nb6 29. Be3 f5 30. Ng5 Qxf3 31. Nxf3 Nd5 32. Bd2 Bf6 33. g4 Kg8 34. Kg2 Kf7 35. Kg3 h6 36. g5 hxg5 37. fxg5 Bg7 38. Bf4 Rb7 39. Be5 Bf8 40. h4 b4 41. axb4 axb4 42. cxb4 Rxb4 43. Ra1 Rb7 44. Rh2 Rc8 45. h5 gxh5 46. Rxh5 Kg6 47. Rh2 c3 48. bxc3 Rxc3 49. Ra8 Rbb3 50. Rf2 Be7 51. Rg8+ Kf7 52. Rg7+ Kf8 53. Rg6 Kf7 54. Rg7+ Kf8 55. Rg8+ Kxg8 0-1

[Event "Niedersachsen Jubilaeumsturnier Open A 2"]
[Site "Wolfsburg"]
[Date "2024.11.16"]
[Round "2.5"]
[White "Riemay, David"]
[Black "Nguyen, Phuc Nhat"]
[Result "1-0"]
[ECO "C54"]
[WhiteElo "2204"]
[BlackElo "2007"]
[Annotator "ChessBase"]
[PlyCount "63"]
[EventDate "2024.11.15"]
[EventCountry "GER"]
[SourceTitle "playchess.com"]
[Source "ChessBase"]
[SourceQuality "1"]
[TimeControl "5400+30"]

1. e4 e5 2. Nf3 Nc6 3. Bc4 Bc5 4. c3 Nf6 5. d4 exd4 6. b4 Bb6 7. e5 d5 8. exf6 dxc4 9. Qe2+ Be6 10. b5 Na5 11. fxg7 Rg8 12. cxd4 Bxd4 13. Nxd4 Qxd4 14. Bb2 Qd3 15. Bf6 Qxe2+ 16. Kxe2 c6 17. Rd1 Bd5 18. Nc3 Kd7 19. Nxd5 cxd5 20. Bc3 b6 21. Rxd5+ Ke6 22. Rad1 Nb7 23. f4 f5 24. g4 Rad8 25. gxf5+ Ke7 26. f6+ Kf7 27. Rd7+ Ke6 28. f5+ Kxf5 29. f7 Rxd7 30. fxg8=Q Re7+ 31. Kf3 Re3+ 32. Kxe3 1-0

[Event "Niedersachsen Jubilaeumsturnier Open A 2"]
[Site "Wolfsburg"]
[Date "2024.11.16"]
[Round "2.6"]
[White "Kieselbach, Jannik"]
[Black "Lichtmannecker, Daniel"]
[Result "0-1"]
[ECO "B11"]
[WhiteElo "1967"]
[BlackElo "2194"]
[Annotator "ChessBase"]
[PlyCount "62"]
[EventDate "2024.11.15"]
[EventCountry "GER"]
[SourceTitle "playchess.com"]
[Source "ChessBase"]
[SourceQuality "1"]
[TimeControl "5400+30"]

1. e4 c6 2. Nc3 d5 3. Nf3 Nf6 4. d3 dxe4 5. Nxe4 Nxe4 6. dxe4 Qxd1+ 7. Kxd1 g6 8. Be3 Bg7 9. Bd4 Bxd4 10. Nxd4 e5 11. Ne2 Ke7 12. Kc1 Nd7 13. b3 Nc5 14. f3 Rd8 15. Kb2 Be6 16. Nc1 Rd2 17. Rg1 Rad8 18. Kc3 Rd1 19. Kb2 R8d2 20. Nd3 Rxa1 21. Kxa1 Rd1+ 22. Kb2 Nxd3+ 23. cxd3 Kd6 24. Kc3 a5 25. Rh1 Kc5 26. g3 Rc1+ 27. Kb2 Re1 28. Kc3 b5 29. f4 f6 30. Bg2 Re2 31. Bf3 b4# 0-1

[Event "Niedersachsen Jubilaeumsturnier Open A 2"]
[Site "Wolfsburg"]
[Date "2024.11.16"]
[Round "2.7"]
[White "Moser, Axel"]
[Black "Hlavchev, Ivan"]
[Result "1-0"]
[ECO "D63"]
[WhiteElo "2149"]
[BlackElo "1973"]
[Annotator "ChessBase"]
[PlyCount "109"]
[EventDate "2024.11.15"]
[EventCountry "GER"]
[SourceTitle "playchess.com"]
[Source "ChessBase"]
[SourceQuality "1"]
[TimeControl "5400+30"]

1. d4 d5 2. c4 e6 3. Nc3 Be7 4. Nf3 Nf6 5. Bg5 h6 6. Bf4 O-O 7. e3 Nbd7 8. Rc1 c5 9. dxc5 Nxc5 10. Be2 dxc4 11. Bxc4 a6 12. O-O b5 13. Be2 Bb7 14. a3 Qb6 15. b4 Ncd7 16. e4 Rac8 17. Bd3 Rfd8 18. Qe2 Qa7 19. Bb1 Qa8 20. Rfe1 Nf8 21. h3 Rc4 22. Bd3 Rcc8 23. Nd2 Ng6 24. Bg3 e5 25. Nb3 Nh5 26. Bb1 Nxg3 27. fxg3 Bg5 28. Rc2 Rc4 29. Na5 Rcd4 30. Nxb7 Qxb7 31. Nd5 Rc8 32. h4 Rxc2 33. Qxc2 Bd8 34. Ba2 Nf8 35. Rf1 Ne6 36. Kh2 a5 37. Qe2 axb4 38. axb4 Be7 39. Qf3 Bf8 40. Qg4 Kh8 41. Qf5 Rd2 42. Bb1 Bd6 43. Rc1 Rb2 44. Bd3 g6 45. Qf6+ Kg8 46. h5 gxh5 47. Qxh6 Rf2 48. Nf6+ Rxf6 49. Qxf6 Qd7 50. Qf5 Bxb4 51. Be2 Be7 52. Bxh5 Bg5 53. Rf1 f6 54. Bg4 Kf7 55. Qxg5 1-0

[Event "Niedersachsen Jubilaeumsturnier Open A 2"]
[Site "Wolfsburg"]
[Date "2024.11.16"]
[Round "2.8"]
[White "Tarasenko, Nazar"]
[Black "Peters, Tom"]
[Result "1/2-1/2"]
[ECO "E52"]
[WhiteElo "1937"]
[BlackElo "2148"]
[Annotator "ChessBase"]
[PlyCount "82"]
[EventDate "2024.11.15"]
[EventCountry "GER"]
[SourceTitle "playchess.com"]
[Source "ChessBase"]
[SourceQuality "1"]
[TimeControl "5400+30"]

1. d4 e6 2. c4 Bb4+ 3. Nc3 Nf6 4. e3 O-O 5. Bd3 d5 6. Nf3 b6 7. O-O Bb7 8. a3 Bxc3 9. bxc3 Nbd7 10. cxd5 exd5 11. c4 Re8 12. Re1 c5 13. cxd5 Bxd5 14. Bb2 c4 15. Bf1 Rc8 16. Rc1 b5 17. Nd2 Nb6 18. f3 Na4 19. Bc3 Nxc3 20. Rxc3 Qb6 21. Nb1 Bb7 22. Qd2 Nd5 23. Rcc1 f5 24. Kh1 Nf6 25. Nc3 a6 26. Qb2 f4 27. Na4 Qc6 28. Nc5 Rxe3 29. Rxe3 fxe3 30. Nxb7 Qxb7 31. Bxc4+ Kf8 32. Rc3 Qe7 33. Be2 Rd8 34. Qc1 Nd5 35. Rc5 g6 36. g3 Rd7 37. Rc8+ Kg7 38. Qc6 Rd6 39. Qc5 Rd7 40. Qc6 Rd6 41. Qc5 Rd7 1/2-1/2

[Event "Niedersachsen Jubilaeumsturnier Open A 2"]
[Site "Wolfsburg"]
[Date "2024.11.16"]
[Round "2.9"]
[White "Laube, Reiner"]
[Black "Gersemann, Karl"]
[Result "0-1"]
[ECO "D00"]
[WhiteElo "2140"]
[BlackElo "1852"]
[Annotator "ChessBase"]
[PlyCount "106"]
[EventDate "2024.11.15"]
[EventCountry "GER"]
[SourceTitle "playchess.com"]
[Source "ChessBase"]
[SourceQuality "1"]
[TimeControl "5400+30"]

1. d4 Nf6 2. Bg5 d5 3. e3 c5 4. Bxf6 gxf6 5. dxc5 e6 6. c4 Bxc5 7. Nc3 d4 8. exd4 Bxd4 9. Nge2 Nc6 10. Qd2 Bxf2+ 11. Kd1 Qxd2+ 12. Kxd2 Ke7 13. Ne4 Rd8+ 14. Kc3 Be3 15. h4 f5 16. Ng5 Bd2+ 17. Kc2 Nb4+ 18. Kb3 a5 19. a4 Ra6 20. Nc3 Bxc3 21. bxc3 Nd3 22. Bxd3 Rxd3 23. c5 Rc6 24. Kc4 Rd5 25. Nxh7 Rdxc5+ 26. Kd3 Rxc3+ 27. Ke2 Rc2+ 28. Kf1 Rc1+ 29. Kf2 Rxa1 30. Rxa1 Rc4 31. Rh1 Rg4 32. Ng5 Bd7 33. Nf3 Rg8 34. Rb1 Bc6 35. g3 f4 36. gxf4 Rg4 37. Ne5 Rxf4+ 38. Kg3 Rxa4 39. h5 Rd4 40. Rf1 f5 41. h6 Kf6 42. Nxc6 bxc6 43. Rh1 Rd8 44. Kf4 e5+ 45. Ke3 Rh8 46. Rc1 Rxh6 47. Rxc6+ Kg5 48. Rc5 Rh3+ 49. Kf2 Kf4 50. Rxa5 Rh2+ 51. Ke1 e4 52. Ra3 e3 53. Ra5 Ke4 0-1

[Event "Niedersachsen Jubilaeumsturnier Open A 2"]
[Site "Wolfsburg"]
[Date "2024.11.16"]
[Round "2.11"]
[White "Meiwes, Thore"]
[Black "Zhang, Onno"]
[Result "1-0"]
[ECO "D02"]
[WhiteElo "2112"]
[BlackElo "1801"]
[Annotator "ChessBase"]
[PlyCount "47"]
[EventDate "2024.11.15"]
[EventCountry "GER"]
[SourceTitle "playchess.com"]
[Source "ChessBase"]
[SourceQuality "1"]
[TimeControl "5400+30"]

1. d4 Nf6 2. Nf3 e6 3. Bf4 d5 4. e3 c5 5. Nbd2 Nc6 6. c3 Be7 7. Ne5 O-O 8. Bd3 Nxe5 9. dxe5 Nd7 10. h4 b6 11. Bxh7+ Kxh7 12. Qh5+ Kg8 13. Nf3 f6 14. Ng5 fxg5 15. hxg5 Rf5 16. Qh7+ Kf7 17. g6+ Ke8 18. Qxg7 Rf8 19. Rh8 Qc7 20. Qf7+ Kd8 21. Rxf8+ Bxf8 22. Bg5+ Nf6 23. Bxf6+ Be7 24. Qf8+ 1-0

[Event "Niedersachsen Jubilaeumsturnier Open A 2"]
[Site "Wolfsburg"]
[Date "2024.11.16"]
[Round "2.13"]
[White "Krueger, Moritz"]
[Black "Hendler, Markus"]
[Result "0-1"]
[ECO "E90"]
[WhiteElo "1788"]
[BlackElo "1843"]
[Annotator "NA"]
[PlyCount "62"]
[EventDate "2024.11.15"]
[EventCountry "GER"]
[SourceTitle "playchess.com"]
[Source "ChessBase"]
[SourceQuality "1"]
[TimeControl "5400+30"]

1. d4 Nf6 2. c4 g6 3. Nc3 Bg7 4. e4 d6 5. h3 O-O 6. Nf3 e5 7. d5 Na6 8. Be3 Nc5 9. Qc2 a5 10. Bxc5 dxc5 11. Nxe5 Nxe4 12. Nxe4 Bxe5 13. Nxc5 Qe7 14. Qe2 Re8 15. Nd3 Qf6 16. Kd1 Bf5 17. Nxe5 Rxe5 18. Qd2 Rae8 19. Qc3 Qe7 20. Bd3 Bxd3 21. Qxd3 Re1+ 22. Kc2 Re2+ 23. Kd1 Rxf2 24. Rc1 Qg5 25. Rc2 Qxg2 26. Rxf2 Qxf2 27. Kc1 Re3 28. Qd2 Qf4 29. b3 Qe5 30. Kd1 Qa1+ 31. Qc1 Qd4+ 0-1

[Event "Niedersachsen Jubilaeumsturnier Open A 2"]
[Site "Wolfsburg"]
[Date "2024.11.16"]
[Round "2.14"]
[White "Noack, Reiner"]
[Black "Woelk, Marvin"]
[Result "0-1"]
[ECO "D81"]
[WhiteElo "2003"]
[BlackElo "1965"]
[Annotator "ChessBase"]
[PlyCount "66"]
[EventDate "2024.11.15"]
[EventCountry "GER"]
[SourceTitle "playchess.com"]
[Source "ChessBase"]
[SourceQuality "1"]
[TimeControl "5400+30"]

1. d4 Nf6 2. c4 g6 3. Nc3 d5 4. Qb3 dxc4 5. Qxc4 a6 6. e4 b5 7. Qd3 Bb7 8. e5 Nd5 9. a3 Bg7 10. Nf3 O-O 11. Be2 Nd7 12. Ne4 c5 13. Nxc5 Nxc5 14. dxc5 Qc7 15. Be3 Rad8 16. Qb3 Nxe3 17. Qxe3 Bxf3 18. Bxf3 Bxe5 19. c6 Bxb2 20. Ra2 Bd4 21. Qb3 Qa5+ 22. Kf1 e5 23. g3 Kh8 24. Bd5 f5 25. Be6 f4 26. Kg2 Qc7 27. Rc2 f3+ 28. Kh3 Qg7 29. g4 Qh6+ 30. Kg3 Qf4+ 31. Kh3 e4 32. c7 Qh6+ 33. Kg3 Be5# 0-1

[Event "Niedersachsen Jubilaeumsturnier Open A 2"]
[Site "Wolfsburg"]
[Date "2024.11.16"]
[Round "2.15"]
[White "Stoeber, Alexander"]
[Black "Costello, Colin A"]
[Result "1-0"]
[ECO "C50"]
[WhiteElo "2018"]
[BlackElo "1877"]
[Annotator "ChessBase"]
[PlyCount "71"]
[EventDate "2024.11.15"]
[EventCountry "GER"]
[SourceTitle "playchess.com"]
[Source "ChessBase"]
[SourceQuality "1"]
[TimeControl "5400+30"]

1. e4 e5 2. Nf3 Nc6 3. d4 exd4 4. Bc4 Nf6 5. O-O d6 6. Nxd4 Be7 7. Nc3 O-O 8. Re1 Nxd4 9. Qxd4 Be6 10. Bxe6 fxe6 11. e5 c5 12. Qd1 dxe5 13. Rxe5 Qxd1+ 14. Nxd1 Rad8 15. Bg5 Kf7 16. Nc3 h6 17. Bxf6 gxf6 18. Re2 f5 19. Rae1 Rd6 20. Nb5 Rc6 21. Nxa7 Rb6 22. c4 Ra8 23. Nb5 Rxa2 24. b3 Rxe2 25. Rxe2 Ra6 26. f4 Bf6 27. Kf2 Ra1 28. Nd6+ Kf8 29. Rxe6 Bd4+ 30. Kg3 Ra3 31. Re8+ Kg7 32. Re7+ Kf6 33. Rxb7 Ra2 34. Rb6 Bf2+ 35. Kf3 Bg1 36. Nxf5+ 1-0

[Event "Niedersachsen Jubilaeumsturnier Open A 2"]
[Site "Wolfsburg"]
[Date "2024.11.16"]
[Round "2.16"]
[White "Reins, Henning"]
[Black "Poelig, Juergen"]
[Result "1-0"]
[ECO "B40"]
[WhiteElo "1954"]
[BlackElo "1874"]
[Annotator "ChessBase"]
[PlyCount "59"]
[EventDate "2024.11.15"]
[EventCountry "GER"]
[SourceTitle "playchess.com"]
[Source "ChessBase"]
[SourceQuality "1"]
[TimeControl "5400+30"]

1. e4 e6 2. b3 d5 3. Bb2 c5 4. exd5 exd5 5. Nf3 Nf6 6. Bb5+ Nc6 7. Qe2+ Be6 8. Ng5 Qd7 9. O-O O-O-O 10. Nxe6 fxe6 11. d4 Kb8 12. Nd2 cxd4 13. Nf3 Bd6 14. Bxc6 bxc6 15. Bxd4 c5 16. Be5 Ng4 17. Rfe1 Rde8 18. c4 Rhf8 19. Bxd6+ Qxd6 20. cxd5 Qxd5 21. Rad1 Qc6 22. h3 Nf6 23. Ne5 Qc7 24. Qa6 Qb6 25. Qa4 Rc8 26. Nc4 Qc6 27. Qa5 Nd5 28. Ne5 Qb6 29. Nd7+ Kb7 30. Nxb6 1-0

[Event "Niedersachsen Jubilaeumsturnier Open A 2"]
[Site "Wolfsburg"]
[Date "2024.11.16"]
[Round "2.17"]
[White "Rademacher, Bengt"]
[Black "Scheffner, Jarno"]
[Result "0-1"]
[ECO "B52"]
[WhiteElo "1876"]
[BlackElo "1953"]
[Annotator "ChessBase"]
[PlyCount "52"]
[EventDate "2024.11.15"]
[EventCountry "GER"]
[SourceTitle "playchess.com"]
[Source "ChessBase"]
[SourceQuality "1"]
[TimeControl "5400+30"]

1. e4 c5 2. Nf3 d6 3. Bb5+ Bd7 4. Bxd7+ Qxd7 5. c4 Nf6 6. Nc3 Nc6 7. O-O e6 8. d3 Be7 9. h3 h6 10. Be3 g5 11. d4 cxd4 12. Nxd4 Ne5 13. Qe2 Rg8 14. Rfd1 g4 15. hxg4 Nexg4 16. f4 Nxe3 17. Qxe3 Ng4 18. Qe2 Qc7 19. Rd2 a6 20. f5 d5 21. Nf3 Bc5+ 22. Kh1 Rg5 23. g3 Qxg3 24. Qg2 Rh5+ 25. Nh2 Rxh2+ 26. Qxh2 Nxh2 0-1

[Event "Niedersachsen Jubilaeumsturnier Open A 2"]
[Site "Wolfsburg"]
[Date "2024.11.16"]
[Round "2.18"]
[White "Thuemler, Floris"]
[Black "Paashaus, Detlef"]
[Result "1/2-1/2"]
[ECO "C02"]
[WhiteElo "1872"]
[BlackElo "1934"]
[Annotator "ChessBase"]
[PlyCount "120"]
[EventDate "2024.11.15"]
[EventCountry "GER"]
[SourceTitle "playchess.com"]
[Source "ChessBase"]
[SourceQuality "1"]
[TimeControl "5400+30"]

1. e4 e6 2. d4 d5 3. e5 c5 4. c3 Nc6 5. Nf3 Nge7 6. Na3 a6 7. Be2 Ng6 8. Nc2 Be7 9. O-O O-O 10. g3 f6 11. Bd3 fxe5 12. Bxg6 hxg6 13. Nxe5 Nxe5 14. dxe5 b5 15. Qg4 Qe8 16. a4 Bb7 17. Qxe6+ Kh7 18. axb5 axb5 19. Rxa8 Bxa8 20. Ne3 d4 21. cxd4 cxd4 22. Nd5 Bd8 23. Nf4 g5 24. Qxe8 Rxe8 25. Nd3 Be4 26. Rd1 g4 27. Bf4 g5 28. Bc1 Kg6 29. b4 Bb6 30. Bb2 Rc8 31. Nc5 Bxc5 32. bxc5 d3 33. Bd4 Kf5 34. Rb1 Rd8 35. Be3 b4 36. Bd2 Ra8 37. Kf1 b3 38. Bc3 Ra2 39. e6 Kxe6 40. Rxb3 d2 41. Rb6+ Ke7 42. Rd6 Ra3 43. Bxd2 Bd3+ 44. Rxd3 Rxd3 45. Bxg5+ Ke6 46. Ke2 Rb3 47. Be3 Kd5 48. Kf1 Rb8 49. Kg2 Rh8 50. Bg5 Kxc5 51. Bh4 Kd5 52. f3 gxf3+ 53. Kxf3 Rxh4 54. gxh4 Ke6 55. Kg4 Kf7 56. Kh5 Kg7 57. h3 Kh7 58. Kg5 Kg7 59. h5 Kh7 60. h6 Kh8 1/2-1/2

[Event "Niedersachsen Jubilaeumsturnier Open A 2"]
[Site "Wolfsburg"]
[Date "2024.11.16"]
[Round "2.19"]
[White "Heirich, Andreas"]
[Black "Vormann, Dirk"]
[Result "1/2-1/2"]
[ECO "D91"]
[WhiteElo "1933"]
[BlackElo "1869"]
[Annotator "ChessBase"]
[PlyCount "63"]
[EventDate "2024.11.15"]
[EventCountry "GER"]
[SourceTitle "playchess.com"]
[Source "ChessBase"]
[SourceQuality "1"]
[TimeControl "5400+30"]

1. d4 d5 2. c4 c6 3. Nc3 Nf6 4. Nf3 g6 5. Bg5 Bg7 6. e3 O-O 7. Bd3 Nbd7 8. O-O dxc4 9. Bxc4 Nb6 10. Bb3 Bg4 11. h3 Bxf3 12. Qxf3 Nbd7 13. Rfd1 Qa5 14. Bh4 e6 15. Rac1 Nd5 16. Ne4 Qb4 17. Bg3 Qb6 18. Bd6 Rfe8 19. Ba3 Bf8 20. Ng5 f6 21. Bxf8 Kxf8 22. e4 Nc7 23. e5 Kg7 24. exf6+ Nxf6 25. Ne4 Rf8 26. Nc5 Rfe8 27. Ne4 Rf8 28. Nc5 Rfe8 29. g4 Re7 30. g5 Nfd5 31. Qe4 Rf8 32. Qe5+ 1/2-1/2

[Event "Niedersachsen Jubilaeumsturnier Open A 2"]
[Site "Wolfsburg"]
[Date "2024.11.16"]
[Round "2.20"]
[White "Retzlaff, Thomas"]
[Black "Bangert, Jonas"]
[Result "1-0"]
[ECO "B27"]
[WhiteElo "1866"]
[BlackElo "1914"]
[Annotator "NA"]
[PlyCount "105"]
[EventDate "2024.11.15"]
[EventCountry "GER"]
[SourceTitle "playchess.com"]
[Source "ChessBase"]
[SourceQuality "1"]
[TimeControl "5400+30"]

1. e4 c5 2. Nf3 g6 3. c3 Bg7 4. d4 cxd4 5. cxd4 d5 6. e5 Bg4 7. Bb5+ Nd7 8. O-O Nh6 9. h3 Bxf3 10. Qxf3 e6 11. Qa3 Nf5 12. Be3 h5 13. Nd2 Bf8 14. Qa4 a6 15. Bd3 b5 16. Qd1 Nb6 17. Bxf5 gxf5 18. b3 Ba3 19. Nf3 Nd7 20. Bg5 Qc7 21. Bc1 Be7 22. Bd2 Qb6 23. Rc1 f6 24. Qe1 a5 25. Qe3 Kf7 26. Rc2 fxe5 27. Nxe5+ Nxe5 28. Qxe5 Bd6 29. Qe3 Ba3 30. Bc1 Bd6 31. Re1 Rae8 32. Bb2 Bb8 33. Rec1 f4 34. Qf3 Ke7 35. Rc6 Qb7 36. Qe2 Kd7 37. R6c5 b4 38. Rb5 Qa7 39. Rbc5 Qb6 40. Qc2 Bd6 41. Qg6 Re7 42. R5c2 Qb8 43. Re1 f3 44. Qd3 fxg2 45. Kxg2 Rg8+ 46. Kf1 Rf7 47. Qa6 Qa8 48. Qb5+ Ke7 49. Rc6 Rgf8 50. Re2 Qd8 51. Bc1 Qd7 52. Bg5+ Ke8 53. Rc8# 1-0

[Event "Niedersachsen Jubilaeumsturnier Open A 2"]
[Site "Wolfsburg"]
[Date "2024.11.16"]
[Round "2.21"]
[White "Hammerl, Jonas"]
[Black "Wulff, Joerg"]
[Result "1-0"]
[ECO "C72"]
[WhiteElo "1914"]
[BlackElo "1865"]
[Annotator "ChessBase"]
[PlyCount "81"]
[EventDate "2024.11.15"]
[EventCountry "GER"]
[SourceTitle "playchess.com"]
[Source "ChessBase"]
[SourceQuality "1"]
[TimeControl "5400+30"]

1. e4 e5 2. Nf3 Nc6 3. Bb5 a6 4. Ba4 d6 5. O-O Bg4 6. h3 h5 7. Bxc6+ bxc6 8. d4 Qf6 9. dxe5 dxe5 10. hxg4 hxg4 11. Bg5 Qg6 12. Nxe5 Qe6 13. Nxg4 f6 14. Bf4 Rh4 15. f3 Rb8 16. Bg3 Rh8 17. Nc3 Bc5+ 18. Nf2 Qf7 19. Re1 Rd8 20. Qc1 Ne7 21. Qf4 Qh5 22. Kf1 Bd6 23. e5 Bxe5 24. Rxe5 fxe5 25. Qxe5 Qxe5 26. Bxe5 Nf5 27. Re1 Kf7 28. Nce4 Nd6 29. Ng5+ Kg6 30. Ne6 Rd7 31. Bxg7 Rxg7 32. Nxg7 Kxg7 33. Re7+ Kg6 34. Rxc7 Kf5 35. Rxc6 Nb5 36. Rxa6 Nd4 37. c3 Nc2 38. Ra5+ Kf4 39. Ke2 Re8+ 40. Ne4 Rg8 41. g3+ 1-0